 Dungeon Crawl Stone Soup version 0.28.0-62-gf88900778d (webtiles) character file.

Game seed: 10204763131292589838

321 AarnesTheHuman the Shield-Bearer (level 6, -4/53 HPs)
             Began as a Gnoll Fighter on Mar 20, 2023.
             Slain by an ogre
             ... wielding a +0 giant spiked club
              (24 damage)
             ... on level 4 of the Dungeon.
             The game lasted 00:04:45 (4179 turns).

AarnesTheHuman the Shield-Bearer (Gnoll Fighter)    Turns: 4179, Time: 00:04:46

Health: -4/53      AC: 11    Str: 17    XL:     6   Next: 46%
Magic:  9/9        EV:  7    Int:  7    God:
Gold:   174        SH:  5    Dex: 12    Spells: 9/9 levels left

rFire   . . .      SeeInvis .   a - +2 war axe (flame)
rCold   . . .      Faith    .   c - +0 buckler
rNeg    . . .      Spirit   .   q - +1 chain mail
rPois   .          Reflect  .   (no helmet)
rElec   .          Harm     .   (no cloak)
rCorr   .          Rampage  .   (no gloves)
Will    .....                   (no boots)
Stlth   ..........              (no amulet)
HPRegen 0.17/turn               (no ring)
MPRegen 0.11/turn               (no ring)

@: no status effects
A: fangs 1, strong nose, distributed training
a: no special abilities


You were on level 4 of the Dungeon.
You visited 1 branch of the dungeon, and saw 5 of its levels.

You collected 174 gold pieces.

Inventory:

Hand Weapons
 a - a +2 war axe of flaming (weapon)
 b - a +0 hunting sling
 g - a +0 trident
 h - a +0 arbalest
 r - a +1 short sword of electrocution
 u - a +2 antimagic dagger
Missiles
 e - 156 stones (quivered)
 i - 19 sling bullets
 n - 50 bolts
 s - 2 poisoned darts
Armour
 c - a +0 buckler (worn)
 l - a +0 scale mail
 q - a +1 chain mail (worn)
Wands
 p - a wand of polymorph (11)
Potions
 d - a potion of might
 f - 2 potions of attraction
 j - 2 potions of magic {unknown}
 k - 2 potions of degeneration {unknown}
 m - 2 potions of mutation {unknown}
 o - a potion of curing {unknown}
 t - a potion of invisibility {unknown}
 v - 2 potions of haste


   Skills:
 + Level 6.8 Fighting
 + Level 2.0 Short Blades
 + Level 2.0 Long Blades
 + Level 2.0 Axes
 + Level 2.0 Maces & Flails
 + Level 5.0 Polearms
 + Level 2.0 Staves
 + Level 2.0 Slings
 + Level 2.0 Bows
 + Level 2.0 Crossbows
 + Level 2.0 Throwing
 + Level 6.8 Armour
 + Level 2.0 Dodging
 + Level 2.0 Stealth
 + Level 6.8 Shields
 + Level 2.0 Unarmed Combat
 + Level 2.0 Spellcasting
 + Level 1.5 Conjurations
 + Level 1.5 Hexes
 + Level 1.5 Summonings
 + Level 1.5 Necromancy
 + Level 1.5 Translocations
 + Level 1.5 Transmutations
 + Level 1.5 Fire Magic
 + Level 1.5 Ice Magic
 + Level 1.5 Air Magic
 + Level 1.5 Earth Magic
 + Level 1.5 Poison Magic
 + Level 2.2 Invocations
 + Level 2.0 Evocations


You had 9 spell levels left.
You didn't know any spells.
Your spell library contained the following spells:

 Spells                   Type           Power      Damage    Failure   Level
 Animate Skeleton         Necr           4%         N/A       96%         1
 Pain                     Necr           8%         1d4       96%         1
 Conjure Flame            Conj/Fire      2%         6-21      100%        3
 Ignite Poison            Fire/Tmut/Pois 2%         N/A       100%        3
 Vampiric Draining        Necr           2%         2d6       100%        3
 Sticky Flame             Conj/Fire      2%         2d3       100%        4


Dungeon Overview and Level Annotations

Branches:
Dungeon (5/15)             Temple (0/1) D:5

Altars:
Nemelex Xobeh


Innate Abilities, Weirdness & Mutations

You have very sharp teeth.
Your uncanny sense of smell can sniff out nearby items.
Your experience applies equally to all skills.


Message History

There is a stone staircase leading up here.
You climb upwards.
There is a stone staircase leading down here.
You start resting.
HP restored.
Things that are here:
a +0 halberd; a +0 spear
There is a stone staircase leading down here.
You climb downwards.
There is a stone staircase leading up here.
There's nothing to close nearby.
Level map cleared.
You see here a ball python skeleton.
The ogre shouts!
Your +2 war axe of flaming stops flaming.
b - a +0 hunting sling (weapon)
You shoot a sling bullet. The sling bullet hits the ogre.
The ogre is moderately wounded.
Your +2 war axe of flaming bursts into flame!
a - a +2 war axe of flaming (weapon)
The ogre hits you with a +0 giant spiked club!
You hit the ogre but do no damage.
The ogre is moderately wounded.
The ogre hits you with a +0 giant spiked club!
You hit the ogre. You burn the ogre.
The ogre is moderately wounded.
The ogre hits you with a +0 giant spiked club!
You slash the ogre! You burn the ogre.
The ogre is severely wounded.
The ogre barely misses you.
You barely miss the ogre.
The ogre is severely wounded.
You block the ogre's attack.
You closely miss the ogre.
The ogre is severely wounded.
You block the ogre's attack.
You hit the ogre. You burn the ogre.
The ogre is severely wounded.
The ogre hits you with a +0 giant spiked club!!
You die...

,,,,,,,,,** #.#
#.##.###.# ,,,,,,,,,* #.#
#.##.....# *,,,,,,,**
##.####....#####
**,****,* #..........#
**,****,** #..######.##
,,,,,,,,,***...#* #รท#
**,****,,.,*,#(.* ##.#
,*,***,,*#...##O###..####
,,,,,,,,,.......@.......#
**,,,****###..........#.#
**,,,* #..........#,#
*,,,,*** #..........#,**
,,*,,,,* ####..######,,*
***,**,*** ##.#* ****
***,**,,,* #..*
,*,,,,,*,** ##.*
,,,,,,,,,,**** *,***


You could see an ogre.

Vanquished Creatures
  A black bear (D:5)
  10 gnolls
  4 adders
  An adder skeleton (D:4)
  A dart slug (D:4)
  5 orcs (D:4)
  10 ball pythons
  5 bats
  6 endoplasms
  6 giant cockroaches
  8 goblins
  5 hobgoblins
  6 jackals (D:4)
  7 kobolds
  6 quokkas
  2 frilled lizards
  3 rats
86 creatures vanquished.

Vanquished Creatures (others)
  A plant (D:2)
1 creature vanquished.

Grand Total: 87 creatures vanquished

Notes
Turn   | Place    | Note
-------+----------+-------------------------------------------
     0 | D:1      | AarnesTheHuman the Gnoll Fighter began the quest for the
                  | Orb.
     0 | D:1      | Reached XP level 1. HP: 23/23 MP: 1/1
   274 | D:1      | Reached XP level 2. HP: 24/29 MP: 2/2
   479 | D:1      | Reached XP level 3. HP: 31/35 MP: 3/3
  1108 | D:1      | Reached skill level 1 in Invocations
  1130 | D:1      | Reached skill level 1 in Short Blades
  1130 | D:1      | Reached skill level 1 in Long Blades
  1130 | D:1      | Reached skill level 1 in Axes
  1130 | D:1      | Reached skill level 1 in Maces & Flails
  1130 | D:1      | Reached skill level 1 in Staves
  1130 | D:1      | Reached skill level 1 in Slings
  1130 | D:1      | Reached skill level 1 in Bows
  1130 | D:1      | Reached skill level 1 in Crossbows
  1130 | D:1      | Reached skill level 1 in Throwing
  1130 | D:1      | Reached skill level 1 in Dodging
  1130 | D:1      | Reached skill level 1 in Stealth
  1130 | D:1      | Reached skill level 1 in Unarmed Combat
  1130 | D:1      | Reached skill level 1 in Spellcasting
  1130 | D:1      | Reached skill level 1 in Evocations
  1200 | D:2      | Reached XP level 4. HP: 33/41 MP: 5/5
  1275 | D:2      | Found a sparkling altar of Nemelex Xobeh.
  1660 | D:2      | Found a faded altar of an unknown god.
  2051 | D:2      | Reached skill level 1 in Conjurations
  2051 | D:2      | Reached skill level 1 in Hexes
  2051 | D:2      | Reached skill level 1 in Summonings
  2051 | D:2      | Reached skill level 1 in Necromancy
  2051 | D:2      | Reached skill level 1 in Translocations
  2051 | D:2      | Reached skill level 1 in Transmutations
  2051 | D:2      | Reached skill level 1 in Fire Magic
  2051 | D:2      | Reached skill level 1 in Ice Magic
  2051 | D:2      | Reached skill level 1 in Air Magic
  2051 | D:2      | Reached skill level 1 in Earth Magic
  2051 | D:2      | Reached skill level 1 in Poison Magic
  2240 | D:3      | Reached XP level 5. HP: 47/47 MP: 6/6
  3502 | D:4      | Reached XP level 6. HP: 49/53 MP: 8/8
  3817 | D:5      | Entered Level 5 of the Dungeon
  3830 | D:5      | Found a staircase to the Ecumenical Temple.
  3831 | D:5      | Noticed a black bear
  3836 | D:5      | Killed a black bear
  3837 | D:5      | Reached skill level 5 in Polearms
  4179 | D:4      | Slain by an ogre

Illustrated notes

Levels and vault maps discovered:
D:1:      dpeg_arrival_signposts, layout_basic, minmay_pentomino_r4
D:2:      layout_loops_ring, basic_altar,
          dreamdust_ecumenical_altar_hidden_monk_grotto, dk_vineyard_3,
          corexii_shack, st_stairs_6, nrook_campfire
D:3:      layout_basic, nrook_loot_triangle, minmay_misc_feat_roman,
          chequers_serial_rivers_micro_c
D:4:      layout_rooms
D:5:      layout_loops_ring, chequers_temple_overflow_statue_of_worship,
          minmay_temple_entry_tees, uniq_eustachio

Skill      XL: |  1  2  3  4  5  6 |
---------------+-------------------+-----
Invocations    | 1 2 |  2.2
Short Blades   | 1 2 |  2.0
Long Blades    | 1 2 |  2.0
Axes           | 1 2 |  2.0
Maces & Flails | 1 2 |  2.0
Staves         | 1 2 |  2.0
Slings         | 1 2 |  2.0
Bows           | 1 2 |  2.0
Crossbows      | 1 2 |  2.0
Throwing       | 1 2 |  2.0
Dodging        | 1 2 |  2.0
Stealth        | 1 2 |  2.0
Unarmed Combat | 1 2 |  2.0
Spellcasting   | 1 2 |  2.0
Evocations     | 1 2 |  2.0
Conjurations   | 1 |  1.5
Hexes          | 1 |  1.5
Summonings     | 1 |  1.5
Necromancy     | 1 |  1.5
Translocations | 1 |  1.5
Transmutations | 1 |  1.5
Fire Magic     | 1 |  1.5
Ice Magic      | 1 |  1.5
Air Magic      | 1 |  1.5
Earth Magic    | 1 |  1.5
Poison Magic   | 1 |  1.5
Polearms       | 5 |  5.0
Fighting       | |  6.8
Armour         | |  6.8
Shields        | |  6.8

Action                   |  1- 3 |  4- 6 || total
-------------------------+-------+-------++-------
Melee: Trident           |    67 |   199 ||   266
       Bite              |     8 |    16 ||    24
       War axe           |       |    24 ||    24
 Fire: Hunting sling     |     1 |     8 ||     9
  Use: Scroll            |       |     5 ||     5
Armor: Scale mail        |    18 |    11 ||    29
       Chain mail        |       |    92 ||    92
Dodge: Dodged            |    22 |    79 ||   101
Block: Buckler           |    17 |    71 ||    88
